 Dungeon Crawl Stone Soup version 0.30-a0-937-ga0a21ad780 (webtiles) character file.

Game seed: 2122065436936047850

1386 kae the Changer (level 8, -1/76 HPs)
             Began as a Naga Transmuter on Mar 24, 2023.
             Was an Initiate of Cheibriados.
             Slain by a gnoll sergeant
             ... wielding a +1 vampiric trident
              (6 damage)
             ... on level 5 of the Dungeon.
             The game lasted 00:07:17 (6520 turns).

kae the Changer (Naga Transmuter)                   Turns: 6520, Time: 00:07:18

Health: -1/76      AC:  7    Str: 14    XL:     8   Next: 67%
Magic:  9/14       EV: 10    Int: 17    God:    Cheibriados [......]
Gold:   210        SH:  0    Dex: 12    Spells: 5/15 levels left

rFire   x . .      SeeInvis +      - Unarmed
rCold   + + +      Faith    .    (shield currently unavailable)
rNeg    . . .      Spirit   .    a - melded +0 robe
rPois   +          Reflect  .    j - melded +0 hat
rElec   .          Rampage  .    (cloak currently unavailable)
rCorr   .                        (gloves currently unavailable)
Will    +....                    (no barding)
Stlth   +                        (no amulet)
HPRegen 0.32/turn                (no ring)
MPRegen 0.14/turn                (no ring)

@: ice-form, wereblooded (expiring), very slow
A: freezing attack, amphibious, boosted hp, AC +2, large, see invisible,
(deformed body), (poison resistance), (slowness 2), spit poison 1, (naga tail 1)
a: Spit Poison, End Transformation, Renounce Religion


You were on level 5 of the Dungeon.
You worshipped Cheibriados.
Cheibriados was noncommittal.
You were a creature of crystalline ice.
You visited 2 branches of the dungeon, and saw 6 of its levels.
You also visited: Sewer.

You collected 210 gold pieces.


Innate Abilities, Weirdness & Mutations

You are a creature of crystalline ice.
You have a powerful freezing melee attack.
You are amphibious.
Your maximum health is increased.
Your armour is entirely melded.
You are incapable of wielding weapons or throwing items.
((Your serpentine skin is tough. (AC +2)))
You have supernaturally acute eyesight. (SInv)
((Armour fits poorly on your strangely shaped body.))
((Your system is resistant to poisons. (rPois)))
((You cover ground very slowly.))
You can spit poison.
((You have a snake-like lower body.))


   Skills:
 - Level 1.0 Fighting
 - Level 1.5 Dodging
 + Level 5.2 Unarmed Combat
 + Level 4.3 Spellcasting
 * Level 6.4 Transmutations
 * Level 4.5 Ice Magic
 - Level 3.0 Poison Magic
 + Level 1.2 Invocations


You had 5 spell levels left.
You knew the following spells:

 Your Spells              Type           Power      Damage    Failure   Level
a - Beastly Appendage     Tmut           50%        N/A       1%          1
b - Wereblood             Tmut           25%        N/A       1%          2
c - Spider Form           Tmut/Pois      19%        N/A       7%          3
d - Ice Form              Ice/Tmut       22%        N/A       16%         4

Your spell library contained the following spells:

 Spells                   Type           Power      Damage    Failure   Level
 Freeze                   Ice            76%        1d8       2%          1
 Passwall                 Tmut/Erth      11%        N/A       6%          2
 Frozen Ramparts          Ice            38%        1d6       7%          3
 Sandblast                Erth           6%         2d5       16%         1
 Hailstorm                Conj/Ice       11%        3d5       19%         3
 Blade Hands              Tmut           12%        N/A       30%         5
 Portal Projectile        Hex/Tloc       6%         N/A       41%         3
 Stone Arrow              Conj/Erth      6%         3d7       41%         3
 Tukima's Dance           Hex            3%         N/A       41%         3
 Summon Ice Beast         Ice/Summ       11%        N/A       52%         4

Inventory:

Missiles
 c - 33 stones
 e - 2 javelins
Armour
 a - a +0 robe (melded)
 j - a +0 hat (melded)
   (You found it on level 5 of the Dungeon)
Wands
 f - a wand of charming (7)
   (You took it off an orc on level 4 of the Dungeon)
Scrolls
 g - a scroll of poison
 h - 2 scrolls of noise {!r}
 l - 3 scrolls of enchant weapon
 n - a scroll of vulnerability {unknown}
 o - a scroll of magic mapping {unknown}
Potions
 b - 3 potions of lignification {!q}
 d - a potion of berserk rage {!q}
 i - 2 potions of curing {@q1}
 k - 2 potions of mutation {!q}
 m - 2 potions of might

Dungeon Overview and Level Annotations

Branches:
Dungeon (5/15) Zot: 34182  Temple (1/1) D:5 Zot: 8627   Sewer (visited)

Altars:
Ashenzari
Cheibriados
Dithmenos
Fedhas
Gozag
Hepliaklqana
Kikubaaqudgha
Nemelex Xobeh
Okawaru
Qazlal
Ru
Sif Muna
Trog
Uskayaw
Vehumet
Xom

Shops:
D:5 *

Annotations:
D:4 exclusion: kobold, Blork the orc

.#.#####.#.....#.
.....?...........
....o..........#
...h...........#
g#.#####.....[.#
#......## #g#...##
#g##.## #Y# ...
#####.# ####
####.....#
#........#
#.≈≈.≈≈..#####
#.≈...≈......#
#.≈._.≈.....<####
#
#≈≈...≈≈.........
#.#≈.....≈.....###


You could see a gnoll sergeant and a gnoll.


Message History

Unknown command.
You hit the howler monkey. You freeze the howler monkey.
The howler monkey hits you.
* * * LOW HITPOINT WARNING * * *
You punch the howler monkey! You freeze the howler monkey.
You feel a bit better.
You kill the howler monkey!
Cheibriados appreciates the change of pace. 😨 HP[+3] MP[+1]
You regained 3 hp, and now have 36/76 hp.
Unknown command.
You punch the scorpion! You freeze the scorpion.
You feel a bit better.
You kill the scorpion!
Cheibriados appreciates the change of pace.
Your Invocations skill increases to level 1! 😨 HP[+2]
You regained 2 hp, and now have 38/76 hp.
The orc closely misses you.
Items here: ! ( ) ? †††. 😮 HP[+1]
You punch the orc! You freeze the orc.
You feel a bit better.
You kill the orc!
Cheibriados appreciates the change of pace.
The adder bites you but does no damage. 😮 HP[+3]
You regained 3 hp, and now have 42/76 hp.
You punch the adder! You freeze the adder.
You feel a bit better.
You kill the adder!
Cheibriados thoroughly appreciates the change of pace. 😮 HP[+1]
Press: ? - help, v - describe, . - travel
Here: a sleepcap The floor, spattered with blood.
A hound comes into view. 😮 HP[+1]
You punch the sleepcap! You freeze the sleepcap.
The sleepcap releases spores at you. 😮 HP[-3]
You take 3 damage, and now have 41/76 hp.
Unknown command.
You hit the sleepcap but do no damage.
The sleepcap releases spores at you but does no damage. 😮 MP[+1]
You punch the sleepcap! You freeze the sleepcap.
You feel a bit better.
You destroy the sleepcap!
Cheibriados thoroughly appreciates the change of pace. 😮 HP[+3]
You regained 3 hp, and now have 44/76 hp.
Unknown command.
The hound barely misses you. 😮 HP[+1]
You pummel the hound!! You freeze the hound.
You feel a bit better.
You kill the hound!
Cheibriados thoroughly appreciates the change of pace. 😮 HP[+2]
You regained 2 hp, and now have 47/76 hp.
You howl as the wereblood boils in your veins!
Your transformation is almost over. 😮 HP[+1]
A gnoll sergeant is nearby! 😮 HP[+1] MP[+1]
A gnoll comes into view. It is wielding a +0 spear.
The gnoll sergeant hits you with a +1 vampiric trident!
Items here: ! ( ) ? †††. 😮 HP[-9]
You take 9 damage, and now have 40/76 hp.
You punch the gnoll sergeant! You freeze the gnoll sergeant.
You warm up again.
Your +0 hat unmelds from your body.
Your +0 robe unmelds from your body.
Your primal bloodlust is almost over.
The gnoll sergeant closely misses you. 😮 HP[-7]
You now have 64 max hp (-12).
Unknown command.
You hit the gnoll sergeant but do no damage.
The gnoll sergeant hits you with a +1 vampiric trident!
* * * LOW HITPOINT WARNING * * *
The gnoll sergeant draws strength from your wounds! 😨 HP[-7]
You take 7 damage, and now have 26/64 hp.
Unknown command.
You hit the gnoll sergeant but do no damage.
Your punch misses the gnoll sergeant.
The gnoll sergeant hits you with a +1 vampiric trident!
* * * LOW HITPOINT WARNING * * *
😨 HP[-9]
You take 9 damage, and now have 17/64 hp.
Casting: Wereblood (safe; 1% risk of failure)
Confirm with . or Enter, or press ? or * to list all spells.
You turn into a creature of crystalline ice.
Your +0 hat melds into your body.
Your +0 robe melds into your body.
The gnoll hits you from afar with a +0 spear.
* * * LOW HITPOINT WARNING * * *
The gnoll sergeant hits you with a +1 vampiric trident!
* * * LOW HITPOINT WARNING * * *
The gnoll sergeant draws strength from your wounds!
The gnoll hits you from afar with a +0 spear.
* * * LOW HITPOINT WARNING * * *
The gnoll sergeant hits you with a +1 vampiric trident.
You die...

Skill      XL: |  1  2  3  4  5  6  7  8 |
---------------+-------------------------+-----
Transmutations | 3 4 5 6 |  6.4
Poison Magic   | 1 2 3 |  3.0
Spellcasting   | 3 4 |  4.3
Unarmed Combat | 4 5 |  5.2
Ice Magic      | 2 3 4 |  4.5
Invocations    | 1 |  1.2
Fighting       | |  1.0
Dodging        | |  1.5

Action                     |  1- 3 |  4- 6 |  7- 9 || total
---------------------------+-------+-------+-------++-------
  Melee: Unarmed           |    72 |   108 |   177 ||   357
         Punch             |     2 |       |       ||     2
         Headbutt          |    11 |       |       ||    11
   Cast: Beastly Appendage |    16 |       |       ||    16
         Spider Form       |       |    26 |    13 ||    39
         Ice Form          |       |     1 |    13 ||    14
         Wereblood         |       |       |     5 ||     5
Ability: Spit Poison       |    24 |    21 |     3 ||    48
         End Transformatio |       |       |     1 ||     1
    Use: Potion            |       |     3 |     2 ||     5
         Scroll            |       |       |    10 ||    10
   Stab: Distracted        |       |     1 |       ||     1
         Sleeping          |       |       |     1 ||     1
 Armour: Robe              |    15 |     4 |     2 ||    21
         Skin              |       |     7 |    20 ||    27
  Dodge: Dodged            |    30 |    72 |    87 ||   189

Levels and vault maps discovered:
D:1:      saegor_arrival_simple_e, layout_rooms, minmay_misc_feat_doors
D:2:      layout_rooms, uniq_terence
D:3:      layout_loops_ring, serial_co_window_serial, co_window_corner_a,
          co_window_cross_1, co_window_cross_1, co_window_paths_a,
          co_window_corner_a, co_window_corner_a, co_window_of_opportunity_a,
          co_window_broadway_c, co_window_of_opportunity_b, co_window_corner_b,
          co_window_of_opportunity_c, co_window_corner_ca, glass_columns_a,
          glass_columns_a, glass_columns_b, glass_columns_a,
          hellmonk_ecumenical_altar_watching_god, uniq_robin, uniq_jessica
D:4:      layout_loops_corners, kennysheep_generic_room_14, uniq_duvessa,
          uniq_natasha, uniq_grinder, uniq_blork_the_orc
D:5:      layout_loops_ring, nicolae_gozag_zags_fifth_avenue,
          nzn_wu_jian_council_hall, minmay_temple_entry_offerings,
          gup_sewer_entry_pipe
Temple:   nicolae_temple_superstar

Notes
Turn   | Place    | Note
-------+----------+-------------------------------------------
     0 | D:1      | kae the Naga Transmuter began the quest for the Orb.
     0 | D:1      | Reached XP level 1. HP: 18/18 MP: 3/3
     0 | D:1      | magus.rc [v1.11.3]
   157 | D:1      | Reached XP level 2. HP: 25/25 MP: 5/5
   536 | D:1      | Reached XP level 3. HP: 25/31 MP: 4/6
   548 | D:1      | Learned a level 2 spell: Wereblood
   552 | D:1      | Learned a level 3 spell: Spider Form
   667 | D:2      | You pick up a book of Rime and begin reading...
   667 | D:2      | You add the spells Frozen Ramparts and Summon Ice Beast to
                  | your library.
   763 | D:2      | Reached skill level 3 in Transmutations
   763 | D:2      | Reached skill level 1 in Poison Magic
   803 | D:2      | You pick up a book of Frost and begin reading...
   803 | D:2      | You add the spells Freeze and Hailstorm to your library.
   857 | D:2      | You pick up a book of Geomancy and begin reading...
   857 | D:2      | You add the spells Sandblast, Passwall and Stone Arrow to
                  | your library.
   926 | D:2      | Reached XP level 4. HP: 38/38 MP: 5/7
   926 | D:2      | Noticed a phantom
   942 | D:2      | HP: 9/38 [phantom (5)]
   952 | D:2      | Killed a phantom
   953 | D:2      | Reached skill level 2 in Poison Magic
   953 | D:2      | Reached XP level 5. HP: 33/44 MP: 3/9
  1069 | D:2      | Noticed Terence
  1081 | D:2      | Killed Terence
  1323 | D:3      | Reached skill level 3 in Poison Magic
  1335 | D:3      | Noticed Jessica
  1345 | D:3      | Killed Jessica
  1346 | D:3      | Reached skill level 4 in Transmutations
  1615 | D:3      | Noticed a floating eye
  1616 | D:3      | Found a faded altar of an unknown god.
  1625 | D:3      | Noticed a shining eye
  1625 | D:3      | Noticed an eye of devastation
  1625 | D:3      | Noticed a floating eye
  1977 | D:3      | Noticed Robin
  1978 | D:3      | Reached skill level 3 in Spellcasting
  1985 | D:3      | Reached XP level 6. HP: 51/51 MP: 4/10
  1990 | D:3      | Killed Robin
  2254 | D:3      | Reached skill level 4 in Unarmed Combat
  2443 | D:3      | Learned a level 4 spell: Ice Form
  2513 | D:4      | Noticed Duvessa
  2513 | D:4      | Noticed Dowan
  2960 | D:4      | Noticed Grinder
  2971 | D:4      | HP: 10/51 [Grinder (8)]
  2972 | D:4      | Killed Grinder
  2973 | D:4      | Reached skill level 2 in Ice Magic
  2973 | D:4      | Reached XP level 7. HP: 9/57 MP: 9/12
  3199 | D:4      | Killed Dowan
  3200 | D:4      | Reached skill level 5 in Transmutations
  3638 | D:4      | HP: 15/68 [Duvessa/+0 rapier (4)]
  3641 | D:4      | HP: 6/102 [Duvessa/+0 rapier (5)]
  3642 | D:4      | Killed Duvessa
  3643 | D:4      | Reached skill level 3 in Ice Magic
  3965 | D:4      | Noticed Blork the orc
  4049 | D:4      | Reached XP level 8. HP: 64/64 MP: 8/13
  4110 | D:4      | Noticed Natasha
  4120 | D:4      | Killed Natasha
  4452 | D:4      | Noticed Natasha
  4461 | D:4      | Killed Natasha
  4541 | D:4      | Reached skill level 4 in Spellcasting
  4764 | D:4      | Noticed Natasha
  4774 | D:4      | Killed Natasha
  5605 | D:5      | Entered Level 5 of the Dungeon
  5645 | D:5      | Found a glowing drain.
  5674 | Sewer    | Entered a sewer
  5772 | Sewer    | Reached skill level 5 in Unarmed Combat
  5806 | Sewer    | Reached skill level 6 in Transmutations
  5806 | Sewer    | Reached skill level 4 in Ice Magic
  6115 | D:5      | Found a staircase to the Ecumenical Temple.
  6123 | D:5      | Found Gozag's Platinum Reserve.
  6124 | D:5      | You pick up a book of Weapons and begin reading...
  6124 | D:5      | You add the spells Tukima's Dance, Portal Projectile and
                  | Blade Hands to your library.
  6141 | Temple   | Entered the Ecumenical Temple
  6304 | Temple   | Became a worshipper of Cheibriados the Contemplative
  6401 | D:5      | Found an opulent altar of Gozag.
  6501 | D:5      | Reached skill level 1 in Invocations
  6519 | D:5      | HP: 19/76 [gnoll/+0 spear[a gnoll sergeant] (2)]
  6519 | D:5      | HP: 8/76 [gnoll sergeant/+1 vampiric trident (11)]
  6520 | D:5      | Slain by a gnoll sergeant

Vanquished Creatures
  Grinder (D:4)
  Duvessa (D:4)
  An ice beast (D:4)
  A black bear (D:4)
  An ogre (D:4)
  A phantom (D:2)
  2 scorpions (D:5)
  Dowan (D:4)
  A howler monkey (D:5)
  A hound (D:5)
  An orc priest (D:3)
  Jessica (D:3)
  2 sleepcaps (D:5)
  2 orc wizards
  Natasha (thrice) (D:4)
  Terence (D:2)
  Robin (D:3)
  10 adders
  2 gnolls (D:5)
  2 river rats (Sewer)
  A white imp (D:3)
  An ufetubus (D:5)
  2 dart slugs
  A worm (Sewer)
  9 orcs
  14 endoplasms
  6 giant cockroaches
  9 goblins
  14 hobgoblins
  8 kobolds
  11 quokkas
  15 ball pythons
  6 bats
  4 frilled lizards
  4 rats
141 creatures vanquished.

Table legend:
 A = Non-vault XP
 B = Vault XP
 C = Vault XP percentage of total XP
 D = Non-vault monster count
 E = Vault monster count
 F = Vault count percentage of total count
                 A         B        C        D         E       F
            +---------+---------+-------+---------+---------+-------
      Total |    1305 |     676 |  34.1 |     107 |      34 |  24.1
            +---------+---------+-------+---------+---------+-------
        D:1 |      37 |       0 |   0.0 |      21 |       0 |   0.0
        D:2 |     165 |      32 |  16.2 |      25 |       1 |   3.8
        D:3 |     139 |      66 |  32.2 |      25 |       9 |  26.5
        D:4 |     549 |     498 |  47.6 |      24 |       5 |  17.2
        D:5 |     415 |      14 |   3.3 |      12 |       7 |  36.8
      Sewer |       0 |      66 | 100.0 |       0 |      12 | 100.0
            +---------+---------+-------+---------+---------+-------

Illustrated notes

Table legend:
 A = Kills in this place as a percentage of kills in the entire game.
 B = Kills by you in this place as a percentage of kills by you in the entire game.
 C = Kills by friends in this place as a percentage of kills by friends in the entire game.
 D = Other kills in this place as a percentage of other kills in the entire game.
 E = Experience gained in this place as a percentage of experience gained in the entire game.
 F = Experience gained in this place divided by the number of levels of this place that you have seen.
                   A       B       C       D       E      F
               +-------+-------+-------+-------+-------+----------------------
         Total | 100.0 | 100.0 |   N/A |   N/A | 100.0 | 283.0
       Dungeon |  91.5 |  91.5 |   N/A |   N/A |  96.7 | 383.0
         Sewer |   8.5 |   8.5 |   N/A |   N/A |   3.3 |  66.0
               +-------+-------+-------+-------+-------+----------------------

Table legend: (Time is in decaauts)
 A = Elapsed time spent in this place.
 B = Non-inter-level travel time spent in this place.
 C = Inter-level travel time spent in this place.
 D = Time resting spent in this place.
 E = Time spent auto-exploring this place.
 F = Levels seen in this place.
 G = Mean time per level.
                   A        B        C        D        E       F      G
               +--------+--------+--------+--------+--------+-----+--------+
         Total |   7983 |   7661 |    322 |    386 |   6096 |   7 | 1140.4 |
       Dungeon |   7294 |   7046 |    248 |    386 |   5630 |   5 | 1458.8 |
        Temple |    268 |    194 |     74 |      0 |    174 |   1 |  268.0 |
         Sewer |    420 |    420 |      0 |      0 |    292 |   1 |  420.0 |
               +--------+--------+--------+--------+--------+-----+--------+

Top non-repeatable levels by time:
     D:4: 3266 daAuts
     D:3: 1967 daAuts
     D:1: 826 daAuts
     D:2: 784 daAuts
     D:5: 450 daAuts
   Sewer: 420 daAuts
  Temple: 268 daAuts
